 Dungeon Crawl Stone Soup version 0.26-a0-259-g1effd001a9 (webtiles) character file.

Game seed: 635696408717383389

129605 vurker the Cloud Mage (level 17, -31/108 HPs)
             Began as a Tengu Air Elementalist on July 20, 2020.
             Was a High Priest of Vehumet.
             Blown up by an orb spider (34 damage)
             ... with an orb of destruction
             ... on level 1 of the Spider Nest.
             The game lasted 00:49:45 (34393 turns).

vurker the Cloud Mage (Tengu Air Elementalist)     Turns: 34393, Time: 00:49:46

Health: -31/108    AC: -5    Str: 11    XL:     17   Next: 6%
Magic:  39/46      EV: 14    Int: 30    God:    Vehumet [*****.]
Gold:   1936       SH:  0    Dex: 14    Spells: 9/47 levels left

rFire    . . .     SeeInvis .   a - staff of air
rCold    . . .     Faith    .   (no shield)
rNeg     . . .     Spirit   .   F - +2 leather armour {rPois}
rPois    +         Reflect  .   G - +1 hat {Int+3}
rElec    +         Harm     .   D - +1 cloak
rCorr    .                      H - +1 pair of gloves
MR       +....                  (boots unavailable)
Stlth    ++........             g - amulet of magic regeneration
HPRegen  0.28/turn              Q - +6 ring of intelligence
MPRegen  0.55/turn              h - ring of magical power

@: corroded, flying quickly and evasively, very slightly contaminated, quick
A: beak, talons 3, molten scales 1, deformed body, able to fly
a: Stop Flying, Renounce Religion


You were on level 1 of the Spider Nest.
You worshipped Vehumet.
Vehumet was extremely pleased with you.
You were not hungry.

You visited 5 branches of the dungeon, and saw 25 of its levels.
You also visited: Volcano.

You collected 2779 gold pieces.
You spent 843 gold pieces at shops.

Inventory:

Hand Weapons
 P - the +4 mace "Furriun Udam" {flame, rC+ Int+4}
   (You found it on level 6 of the Lair of Beasts)

   It has been specially enchanted to burn those struck by it, causing extra
   injury to most foes and up to half again as much damage against particularly
   susceptible opponents.
   It affects your intelligence (+4).
   It protects you from cold.
Armour
 D - a +1 cloak (worn)
   (You took it off Crazy Yiuf on level 3 of the Dungeon)
 E - the +1 leather armour of the Hart {rC+ SInv}
   (You found it on level 1 of the Lair of Beasts)

   It protects you from cold.
   It lets you see invisible.
 F - a +2 leather armour of poison resistance (worn)
   (You found it on level 9 of the Dungeon)
 G - a +1 hat of intelligence (worn)
   (You took it off Gastronok on level 11 of the Dungeon)
 H - a +1 pair of gloves (worn)
   (You found it on level 2 of the Lair of Beasts)
Magical Staves
 a - an uncursed staff of air (weapon)
   (You found it on level 9 of the Dungeon)
 n - an uncursed staff of cold
   (You found it on level 8 of the Dungeon)
Jewellery
 g - an amulet of magic regeneration (around neck)
   (You found it on level 2 of the Dungeon)
 h - a ring of magical power (right hand)
   (You found it on level 1 of the Dungeon)
 q - an uncursed ring of protection from fire
   (You found it on level 6 of the Dungeon)
 s - an uncursed ring of protection from magic
   (You found it on level 3 of the Dungeon)
 y - an uncursed ring of protection from cold
   (You took it off a kobold on level 2 of the Dungeon)
 Q - a +6 ring of intelligence (left hand)
   (You found it on level 15 of the Dungeon)
Wands
 c - a wand of disintegration (15)
   (You found it on level 8 of the Dungeon)
 d - a wand of iceblast (38)
   (You took it off Ijyb on level 5 of the Dungeon)
 t - a wand of flame (17)
   (You found it on level 4 of the Lair of Beasts)
 u - a wand of paralysis (5)
   (You found it on level 9 of the Dungeon)
 v - a wand of digging (3)
   (You took it off Robin on level 3 of the Dungeon)
 x - a wand of acid (28)
   (You found it on level 6 of the Dungeon)
 z - a wand of polymorph (28)
   (You took it off a centaur on level 9 of the Dungeon)
 M - a wand of clouds (2)
   (You found it on level 14 of the Dungeon)
Scrolls
 b - 5 scrolls of enchant armour
 f - 3 scrolls of amnesia
 j - 8 scrolls of remove curse
 k - 7 scrolls of teleportation
 l - 7 scrolls of blinking
 o - a scroll of magic mapping
 w - 2 scrolls of identify
 J - 2 scrolls of fog
 L - a scroll of silence
 R - a scroll of summoning
Potions
 i - a potion of brilliance
 m - 5 potions of curing
 p - 7 potions of heal wounds
 r - 6 potions of cancellation
 A - 3 potions of haste
 B - a potion of resistance
 C - 4 potions of mutation
 I - a potion of lignification
 K - 3 potions of invisibility
 N - 2 potions of might
 O - 2 potions of ambrosia
Comestibles
 e - 50 rations


   Skills:
 + Level 12.5 Fighting
 - Level 2.1 Dodging
 - Level 2.0 Stealth
 * Level 15.8 Spellcasting
 - Level 12.0 Conjurations
 + Level 6.8 Ice Magic
 * Level 21.2 Air Magic


You had 9 spell levels left.
You knew the following spells:

 Your Spells              Type           Power        Failure   Level
a - Chain Lightning       Conj/Air       ########..   5%          8
b - Conjure Ball Lightni  Conj/Air       ########..   1%          6
c - Airstrike             Air            ########..   0%          4
f - Absolute Zero         Ice            ######....   100%        9
q - Irradiate             Conj/Tmut      ######....   1%          5
z - Freezing Cloud        Conj/Ice/Air   ########..   1%          6

Your spell library contained the following spells:

 Spells                   Type           Power        Failure   Level
 Starburst                Conj/Fire      ######....   9%          6
 Shock                    Conj/Air       ####         0%          1
 Static Discharge         Conj/Air       ########     0%          3
 Freeze                   Ice            ####         1%          1
 Ensorcelled Hibernation  Hex/Ice        #####.       1%          2
 Poisonous Vapours        Pois/Air       ######       1%          2
 Swiftness                Chrm/Air       #######.     1%          2
 Dazzling Flash           Conj/Hex       ######       1%          3
 Frozen Ramparts          Ice            ######       1%          3
 Mephitic Cloud           Conj/Pois/Air  #######.     1%          3
 Ozocubu's Armour         Chrm/Ice       #####...     1%          3
 Hailstorm                Conj/Ice       ######..     1%          4
 Iskenderun's Battlesphe  Conj/Chrm      ######..     1%          5
 Lightning Bolt           Conj/Air       ########..   1%          5
 Animate Skeleton         Necr           ###...       2%          1
 Beastly Appendage        Tmut           ###...       2%          1
 Corona                   Hex            ###....      2%          1
 Pain                     Necr           ###.         2%          1
 Sting                    Tmut/Pois      ###.         2%          1
 Ignite Poison            Fire/Tmut/Pois ###.....     2%          3
 Passwall                 Tmut/Erth      ###.....     3%          2
 Sticks to Snakes         Tmut           ###.....     3%          2
 Bolt of Magma            Conj/Fire/Erth #####.....   4%          5
 Orb of Destruction       Conj           #######...   4%          7
 Ice Form                 Ice/Tmut       #####...     6%          4
 Summon Ice Beast         Ice/Summ       #####...     6%          4
 Olgreb's Toxic Radiance  Pois           ###.....     7%          4
 Confusing Touch          Hex            ###.....     8%          3
 Gell's Gravitas          Tloc           ###.......   8%          3
 Spider Form              Tmut/Pois      ###.......   8%          3
 Tukima's Dance           Hex            ###.....     8%          3
 Vampiric Draining        Necr           ###.......   8%          3
 Iron Shot                Conj/Erth      ######....   9%          6
 Lee's Rapid Deconstruct  Erth           ###.......   17%         5
 Metabolic Englaciation   Hex/Ice        #####.....   17%         5
 Yara's Violent Unravell  Hex/Tmut       ###.......   17%         5
 Animate Dead             Necr           ###.......   26%         4
 Passage of Golubria      Tloc           N/A          26%         4
 Petrify                  Tmut/Erth      ###.....     26%         4
 Spellforged Servitor     Conj/Summ      ######....   41%         7
 Agony                    Necr           ###.....     56%         5
 Blade Hands              Tmut           ###.......   56%         5
 Lehudib's Crystal Spear  Conj/Erth      ######....   96%         8
 Darkness                 Hex            ###.......   98%         6
 Invisibility             Hex            ###.....     98%         6
 Fire Storm               Conj/Fire      ######....   100%        9


Dungeon Overview and Level Annotations

Branches:
Dungeon (15/15)            Temple (1/1) D:7            Lair (6/6) D:11
 Shoals (0/4) Lair:3       Spider (1/4) Lair:3        Slime (0/5) Lair:5
    Orc (2/2) D:11            Elf (0/3) Orc:2        Vaults (0/5) D:13
 Depths (0/5) D:15        Volcano (visited)

Altars:
Ashenzari
Dithmenos
Fedhas
Gozag
Hepliaklqana
Kikubaaqudgha
Makhleb
Okawaru
Qazlal
Ru
Sif Muna
Trog
Uskayaw
Vehumet
Wu Jian
Xom
Yredelemnul
Zin
The Shining One
Beogh
Jiyva

Shops:
D:5 }   D:6 !   Orc:2 [!=(

Annotations:
D:2 2 transporters
D:7 1 runed translucent door, pulvazza's ghost, novice DsAK
D:13 3 runed translucent doors, Ocinnuv's ghost, journeyman TrMo
Spider:1 Jorgrun


Innate Abilities, Weirdness & Mutations

You have a beak for a mouth.
You have claws for feet.
You can fly continuously.
You are partially covered in molten scales. (AC +2)
Armour fits poorly on your strangely shaped body.


Message History

Vehumet accepts your kill.
You feel your power returning.
The lightning arc hits the tarantella!!
You kill the tarantella!
Vehumet accepts your kill.
You feel your power returning.
The lightning arc hits the emperor scorpion!!
You kill the emperor scorpion!
Vehumet accepts your kill.
You feel your power returning.
The lightning arc hits the orb spider!!
The lightning arc hits the jumping spider!!
The lightning arc hits the orb spider!
* * * LOW HITPOINT WARNING * * *
You feel sick.
You hear a hideous shriek!
You hear an angry hiss. x2
The jumping spider leaps!
Jorgrun Earthshaker comes into view.
He is wielding a +0 vorpal quarterstaff and wearing a +1 robe of resistance.
A tarantella comes into view.
Unknown command.
You feel better.
Jorgrun points at you and mumbles some strange words.
Roots burst forth from the earth!
The grasping roots grab you!
* * * LOW HITPOINT WARNING * * *
The grasping roots constrict you!
The jumping spider leaps!
The orb spider weaves a glowing orb of energy.
You hear an angry hiss.
An orb of destruction comes into view.
Unknown command.
You escape the roots' grasp.
A jumping spider comes into view.
You feel a surge of power!
You hear a mighty clap of thunder!
The lightning arc hits the redback!!!
You kill the redback!
Vehumet accepts your kill.
You feel your power returning. The lightning arc hits you. You resist.
* * * LOW HITPOINT WARNING * * *
The lightning arc hits the tarantella!!
The lightning arc hits you. You resist.
* * * LOW HITPOINT WARNING * * *
The lightning arc hits the tarantella!!
You kill the tarantella!
Vehumet accepts your kill.
The lightning arc hits Jorgrun!!
The lightning arc hits the jumping spider!
The lightning arc hits Jorgrun.
You hear an angry hiss. x7
A jumping spider comes into view.
The orb spider spins a strand of pure energy.
The orb of destruction hits you!!
You die...

....### .......
....^.. .......###
.........#######
................
...............^
.......@...%.#.^
#....)..☼...g....
........☼...s...#
........○.......#
........†°†.....# ###
..........ss.... ....
...................†.
............††#...†.†
...s......^.†<†.....^


You could see Jorgrun, an orb spider (charged), a jumping spider and a
tarantella.

Vanquished Creatures
  Rupert (Orc:2)
  Gastronok (D:11)
  An orc warlord (Orc:2)
  An emperor scorpion (Spider:1)
  A juggernaut zombie (D:15)
  An entropy weaver (Spider:1)
  Snorg (Lair:3)
  2 fire dragons
  Fannar (Lair:2)
  2 catoblepae
  10 hydras
  3 ogre magi
  17 two-headed ogres
  2 centaur warriors (D:13)
  Erica (D:11)
  6 death yaks
  An orc high priest (Orc:2)
  Sonja (D:11)
  2 skeletal warriors (D:15)
  2 unseen horrors (D:10)
  A swamp dragon (Lair:6)
  2 deep trolls (Orc:2)
  A flayed ghost (D:15)
  2 lindwurms
  2 orc knights
  A necromancer (D:15)
  3 wolf spiders
  3 oklob plants (Lair:1)
  An orc sorcerer (Orc:1)
  3 manticores
  4 deep elf magi
  A manticore (shapeshifter) (D:15)
  4 cyclopes
  27 ugly things
  11 elephants (Lair:6)
  2 molten gargoyles (Volcano)
  8 black mambas
  6 gargoyles
  A guardian serpent (Lair:6)
  An elf skeleton (D:15)
  Maggie (Lair:1)
  3 kobold demonologists
  20 cane toads
  2 rime drakes
  9 komodo dragons
  2 polar bears
  3 hornets (Lair:6)
  12 trolls
  8 jumping spiders
  Grinder (D:3)
  18 blink frogs
  An ice dragon zombie (D:15)
  12 hippogriffs
  5 dream sheep (Lair:6)
  A spriggan zombie (D:15)
  Sigmund (D:2)
  A shadow (D:12)
  A vampire (D:14)
  23 redbacks
  A spriggan (D:7)
  4 tarantellas (Spider:1)
  3 basilisks
  11 wyverns
  5 fire bats (Volcano)
  2 wraiths
  33 yaks
  4 vampire mosquitoes
  Menkaure (D:4)
  2 steam dragons
  A warg (Orc:2)
  Edmund (D:5)
  3 soldier ants
  4 acid dragons
  2 hell hounds (Volcano)
  13 porcupines
  3 swamp drakes (Lair:6)
  17 water moccasins
  4 sky beasts
  2 eyes of draining
  3 ice beasts
  A phantom (D:9)
  A black bear (D:9)
  27 orc warriors
  26 ogres
  30 wolves
  A necrophage (D:9)
  19 crocodiles
  12 centaurs
  Blork the orc (D:5)
  21 bullfrogs
  3 big kobolds (D:11)
  2 gnoll sergeants
  2 wyvern zombies
  A water moccasin zombie (D:7)
  4 scorpions
  10 killer bees
  17 wights
  6 howler monkeys
  6 lava snakes (Volcano)
  2 centaur zombies
  A bullfrog zombie (D:9)
  6 jellies
  2 quasits
  3 bullfrog skeletons
  7 hounds
  5 centaur skeletons
  18 orc priests
  Crazy Yiuf (D:3)
  9 iguanas
  23 orc wizards
  Ijyb (D:5)
  Terence (D:2)
  Natasha (thrice) (D:2)
  15 worker ants
  A killer bee zombie (D:10)
  2 hound skeletons
  2 worker ant zombies
  Robin (D:3)
  6 gnolls
  16 adders
  A shadow imp (D:10)
  2 ufetubi (D:7)
  An adder skeleton (D:6)
  2 adder zombies
  2 worms
  13 dart slugs
  8 leopard geckos
  110 orcs
  6 giant cockroaches
  17 goblins
  10 hobgoblins
  10 jackals
  5 quokkas
  5 ball pythons
  8 bats
  3 frilled lizards
  2 jackal skeletons
  16 kobolds
  A leopard gecko skeleton (D:4)
  A quokka zombie (D:7)
  7 rats
  A fungus (Lair:4)
  A withered plant (D:15)
931 creatures vanquished.

Vanquished Creatures (collateral kills)
  5 ball lightnings
5 creatures vanquished.

Vanquished Creatures (others)
  76 ball lightnings
  A redback (Spider:1)
  A bullfrog (D:9)
  An orc (Orc:2)
  19 fungi
  35 plants
  4 withered plants (D:15)
137 creatures vanquished.

Grand Total: 1073 creatures vanquished

Notes
Turn   | Place    | Note
-------+----------+-------------------------------------------
     0 | D:1      | vurker the Tengu Air Elementalist began the quest for the
                  | Orb.
     0 | D:1      | Reached XP level 1. HP: 10/10 MP: 4/4
   198 | D:1      | Reached XP level 2. HP: 15/15 MP: 4/6
   537 | D:1      | Reached XP level 3. HP: 20/20 MP: 7/7
  1025 | D:2      | Found a transporter.
  1028 | D:2      | Found a transporter.
  1035 | D:2      | Found an ornate altar of the Wu Jian Council.
  1121 | D:2      | Reached skill level 1 in Fighting
  1155 | D:2      | Found a faded altar of an unknown god.
  1225 | D:2      | Noticed Sigmund
  1246 | D:2      | Gained mutation: You are partially covered in molten
                  | scales. (AC +2) [potion of mutation]
  1246 | D:2      | Gained mutation: Your spells are a little easier to cast,
                  | but a little less powerful. [potion of mutation]
  1246 | D:2      | Lost mutation: Your spells are a little easier to cast, but
                  | a little less powerful. [potion of mutation]
  1257 | D:2      | HP: 1/20 [something (8)]
  1258 | D:2      | Killed Sigmund
  1258 | D:2      | Reached skill level 5 in Air Magic
  1258 | D:2      | Reached XP level 4. HP: 2/26 MP: 10/10
  1258 | D:2      | Gained mutation: You can fly continuously. [Tengu growth]
  1258 | D:2      | Reached XP level 5. HP: 2/30 MP: 10/11
  1824 | D:2      | Noticed Natasha
  1825 | D:2      | Noticed Terence
  1828 | D:2      | Killed Natasha
  1828 | D:2      | Reached XP level 6. HP: 35/35 MP: 12/12
  1834 | D:2      | Killed Terence
  1834 | D:2      | Reached skill level 6 in Air Magic
  1856 | D:2      | Learned a level 5 spell: Lightning Bolt
  1861 | D:2      | Learned a level 4 spell: Airstrike
  2017 | D:2      | Found a shattered altar of Ashenzari.
  2183 | D:3      | Noticed Robin
  2368 | D:2      | Noticed Natasha
  2372 | D:2      | Killed Natasha
  2455 | D:2      | Found an ornate altar of the Wu Jian Council.
  2458 | D:2      | Found a transporter.
  2466 | D:2      | Found a transporter.
  2550 | D:2      | Found a faded altar of an unknown god.
  2742 | D:2      | Noticed Natasha
  2747 | D:2      | Killed Natasha
  2759 | D:2      | Found a shattered altar of Ashenzari.
  3094 | D:3      | Noticed Grinder
  3104 | D:3      | Killed Grinder
  3104 | D:3      | Reached XP level 7. HP: 25/40 MP: 14/14
  3291 | D:3      | Found a runed translucent door.
  3292 | D:3      | Noticed Crazy Yiuf
  3478 | D:3      | Reached skill level 7 in Air Magic
  3479 | D:3      | Killed Robin
  3721 | D:3      | Found a shadowy altar of Dithmenos.
  3953 | D:3      | Killed Crazy Yiuf
  4261 | D:4      | Noticed Menkaure
  4278 | D:4      | Killed Menkaure
  4306 | D:4      | Reached skill level 5 in Spellcasting
  4306 | D:4      | Reached XP level 8. HP: 46/46 MP: 16/16
  4560 | D:4      | Reached skill level 5 in Conjurations
  4650 | D:4      | Reached skill level 8 in Air Magic
  4705 | D:5      | Entered Level 5 of the Dungeon
  5197 | D:5      | Noticed Ijyb
  5199 | D:5      | Killed Ijyb
  5275 | D:5      | Reached skill level 9 in Air Magic
  5480 | D:5      | Noticed a blizzard demon
  5507 | D:5      | Found a burning altar of Makhleb.
  5508 | D:5      | Noticed Blork the orc
  5512 | D:5      | Killed Blork the orc
  5546 | D:5      | Found a glowing silver altar of Zin.
  5546 | D:5      | Noticed an angel
  5584 | D:5      | Found a bloodstained altar of Trog.
  5589 | D:5      | Reached XP level 9. HP: 52/52 MP: 12/19
  5686 | D:5      | Found Foclyne's Gadget Shop.
  6012 | D:5      | Noticed Edmund
  6059 | D:5      | Killed Edmund
  6593 | D:6      | Found a hazy altar of Hepliaklqana.
  6596 | D:6      | Reached skill level 10 in Air Magic
  6893 | D:6      | Found Usuucs's Distillery.
  6898 | D:6      | Bought a potion of heal wounds for 70 gold pieces
  6898 | D:6      | Bought a potion of heal wounds for 70 gold pieces
  7094 | D:7      | Found a staircase to the Ecumenical Temple.
  7101 | Temple   | Entered the Ecumenical Temple
  7181 | Temple   | Became a worshipper of Vehumet
  7217 | D:7      | Reached skill level 5 in Fighting
  7803 | D:7      | Reached skill level 11 in Air Magic
  7803 | D:7      | Reached XP level 10. HP: 38/59 MP: 19/22
  8098 | D:7      | Found a basalt altar of Yredelemnul.
  8121 | D:7      | Reached * piety under Vehumet
  8121 | D:7      | Offered knowledge of Sandblast by Vehumet.
  8155 | D:7      | Found a runed translucent door.
  8157 | D:7      | Noticed pulvazza's ghost (novice DsAK)
  9063 | D:8      | Noticed a two-headed ogre
  9069 | D:8      | Killed a two-headed ogre
  9320 | D:8      | Found a shimmering blue altar of Sif Muna.
 10080 | D:9      | Reached skill level 12 in Air Magic
 10180 | D:9      | Reached ** piety under Vehumet
 10184 | D:9      | Offered knowledge of Magic Dart by Vehumet.
 10243 | D:9      | Noticed a two-headed ogre
 10247 | D:9      | Killed a two-headed ogre
 10247 | D:9      | Reached XP level 11. HP: 52/66 MP: 17/25
 10922 | D:9      | Found a blossoming altar of Fedhas.
 10928 | D:9      | Found a stormy altar of Qazlal.
 11356 | D:9      | Offered knowledge of Mephitic Cloud by Vehumet.
 11448 | D:10     | Entered Level 10 of the Dungeon
 11540 | D:10     | Reached skill level 13 in Air Magic
 11763 | D:10     | Killed an unseen horror
 11763 | D:10     | Reached *** piety under Vehumet
 12070 | D:10     | Killed an unseen horror
 12304 | D:10     | Offered knowledge of Inner Flame by Vehumet.
 12347 | D:10     | Reached skill level 10 in Spellcasting
 12705 | D:11     | Noticed Gastronok
 12920 | D:11     | Noticed a cyan ugly thing
 12931 | D:10     | Killed a green ugly thing
 13004 | D:11     | Reached **** piety under Vehumet
 13028 | D:11     | Reached skill level 14 in Air Magic
 13102 | D:10     | Reached skill level 10 in Conjurations
 13153 | D:11     | Offered knowledge of Ignite Poison by Vehumet.
 13326 | D:11     | Reached XP level 12. HP: 73/73 MP: 17/27
 13421 | D:11     | Found a staircase to the Lair.
 13539 | D:11     | Killed Gastronok
 13543 | D:11     | Noticed a two-headed ogre
 13547 | D:11     | Killed a two-headed ogre
 13616 | D:11     | Noticed Sonja
 13618 | D:11     | Killed Sonja
 13757 | D:11     | Reached skill level 15 in Air Magic
 13921 | D:11     | Reached ***** piety under Vehumet
 13942 | D:11     | Offered knowledge of Iskenderun's Battlesphere by Vehumet.
 14048 | D:11     | Noticed a five-headed hydra
 14053 | D:11     | Killed a five-headed hydra
 14231 | D:11     | Found a staircase to the Orcish Mines.
 14272 | D:11     | Noticed Erica
 14389 | D:11     | Killed Erica
 14515 | D:11     | Noticed a two-headed ogre
 14535 | D:11     | Killed a two-headed ogre
 15259 | Lair:1   | Entered Level 1 of the Lair of Beasts
 15287 | Lair:1   | Reached XP level 13. HP: 80/80 MP: 6/29
 15292 | Lair:1   | Reached skill level 16 in Air Magic
 15966 | Lair:1   | Identified a scroll of acquirement
 15966 | Lair:1   | Acquired a book of Annihilations
 16118 | Lair:1   | Noticed Maggie
 16122 | Lair:1   | Killed Maggie
 17219 | Lair:1   | Got a faintly glowing leather armour
 17220 | Lair:1   | Identified the +1 leather armour of the Hart {rC+ SInv}
                  | (You found it on level 1 of the Lair of Beasts)
 17235 | Lair:2   | Noticed Fannar
 17585 | Lair:2   | Killed Fannar
 17762 | Lair:2   | Found an ancient bone altar of Kikubaaqudgha.
 18207 | Lair:3   | Reached skill level 17 in Air Magic
 18251 | Lair:3   | Offered knowledge of Irradiate by Vehumet.
 18258 | Lair:3   | Learned a level 5 spell: Irradiate
 18270 | Lair:3   | Found a staircase to the Shoals.
 18287 | Lair:3   | Got a jasper-encrusted chain mail
 18423 | Lair:3   | Got a fading hunting sling
 18424 | Lair:3   | Identified the +1 hunting sling of Eternity {freeze, rF+
                  | Str+3 Stlth+} (You found it on level 3 of the Lair of
                  | Beasts)
 18439 | Lair:3   | Found a dark tunnel.
 18485 | Volcano  | Entered a volcano
 18880 | Volcano  | Found a bloodstained altar of Trog.
 19010 | Volcano  | Noticed a fire dragon
 19017 | Volcano  | Killed a fire dragon
 19374 | Lair:3   | Reached skill level 10 in Fighting
 19794 | Lair:3   | Noticed Snorg
 19800 | Lair:3   | Killed Snorg
 19982 | Lair:3   | Reached XP level 14. HP: 69/88 MP: 6/32
 20060 | Lair:3   | Found a hole to the Spider Nest.
 20617 | Lair:4   | Learned a level 9 spell: Absolute Zero
 20626 | Lair:4   | Learned a level 8 spell: Chain Lightning
 21055 | Lair:4   | Reached skill level 1 in Ice Magic
 21745 | Lair:4   | Reached skill level 18 in Air Magic
 22980 | Lair:5   | Found a viscous altar of Jiyva.
 22985 | Lair:5   | Found a staircase to the Slime Pits.
 23196 | Lair:6   | Entered Level 6 of the Lair of Beasts
 23985 | Lair:6   | Found a shadowy altar of Dithmenos.
 24446 | Lair:6   | Got a transparent mace
 24447 | Lair:6   | Identified the +4 mace "Furriun Udam" {flame, rC+ Int+4}
                  | (You found it on level 6 of the Lair of Beasts)
 24698 | Lair:6   | Reached XP level 15. HP: 59/93 MP: 6/33
 24972 | Lair:6   | Offered knowledge of Fireball by Vehumet.
 25203 | Lair:6   | Reached skill level 19 in Air Magic
 26419 | Orc:1    | Entered Level 1 of the Orcish Mines
 26772 | Orc:2    | Entered Level 2 of the Orcish Mines
 26772 | Orc:2    | Found Vaguofu's Antique Armour Shoppe.
 27209 | Orc:2    | Gained mutation: Armour fits poorly on your strangely
                  | shaped body. [a neqoxec]
 27416 | Orc:2    | Offered knowledge of Freezing Cloud by Vehumet.
 27758 | Orc:2    | Reached skill level 5 in Ice Magic
 27842 | Orc:2    | Noticed an orc warlord
 27847 | Orc:2    | Killed an orc warlord
 28001 | Orc:2    | Found Jimim's Jewellery Shoppe.
 28002 | Orc:2    | Found Koxzyane's Antique Weapon Shop.
 28073 | Orc:2    | Found Saunom's Distillery.
 28233 | Orc:2    | Found a staircase to the Elven Halls.
 28330 | Orc:2    | Noticed Rupert
 28334 | Orc:2    | Killed Rupert
 28334 | Orc:2    | Reached XP level 16. HP: 101/101 MP: 32/35
 28648 | Orc:1    | Found a roughly hewn altar of Beogh.
 28792 | Orc:2    | Bought a potion of haste for 110 gold pieces
 28792 | Orc:2    | Bought a potion of mutation for 88 gold pieces
 28792 | Orc:2    | Bought a potion of haste for 110 gold pieces
 28792 | Orc:2    | Bought a potion of cancellation for 88 gold pieces
 28792 | Orc:2    | Bought a potion of heal wounds for 55 gold pieces
 28797 | Orc:2    | Bought a translucent morningstar for 252 gold pieces
 28797 | Orc:2    | Identified the +8 morningstar "Tengu's Bane" {protect, rF-
                  | rC++ rN+} (You bought it in a shop on level 2 of the Orcish
                  | Mines)
 28835 | D:12     | Reached skill level 20 in Air Magic
 29413 | D:12     | Got a faintly humming ring mail
 29461 | D:12     | Identified the +1 ring mail "Errawua" {*Drain +Inv Str+4}
                  | (You found it on level 12 of the Dungeon)
 29847 | D:13     | Reached skill level 15 in Spellcasting
 29893 | D:13     | Learned a level 6 spell: Freezing Cloud
 29934 | D:13     | Found a runed translucent gate.
 29934 | D:13     | Found a runed translucent gate.
 29939 | D:13     | Found a runed translucent gate.
 29939 | D:13     | Noticed Ocinnuv's ghost (journeyman TrMo)
 30054 | D:13     | Offered knowledge of Conjure Ball Lightning by Vehumet.
 30122 | D:13     | Learned a level 6 spell: Conjure Ball Lightning
 30791 | D:13     | Found a gate to the Vaults.
 32687 | D:15     | Entered Level 15 of the Dungeon
 33149 | D:15     | Reached ****** piety under Vehumet
 33149 | D:15     | Offered knowledge of Starburst by Vehumet.
 33655 | D:15     | Found a staircase to the Depths.
 34212 | Spider:1 | Entered Level 1 of the Spider Nest
 34214 | Spider:1 | Reached skill level 21 in Air Magic
 34384 | Spider:1 | HP: 3/103 [entropy weaver (10)]
 34385 | Spider:1 | HP: 1/103 [poisoned by a redback]
 34388 | Spider:1 | Reached XP level 17. HP: 19/108 MP: 37/37
 34389 | Spider:1 | Noticed Jorgrun
 34392 | Spider:1 | HP: 5/108 [chain lightning (1)]
 34393 | Spider:1 | Blown up by an orb spider

Illustrated notes

Levels and vault maps discovered:
D:1:      dpeg_arrival_solitude, layout_loops_ring
D:2:      layout_basic, gammafunk_temple_overflow_arena,
          chequers_ecumenical_altar_simple_redux, ashenzari_altar_1,
          uniq_natasha, uniq_sigmund, uniq_terence
D:3:      kennysheep_slugbush, layout_loops_ring, grunt_dithmenos_smoke,
          hangedman_decor_push, uniq_robin, uniq_grinder,
          uniq_crazy_yiuf_cottage
D:4:      layout_rooms, first_ration, uniq_menkaure
D:5:      minmay_octagon_keep, layout_loops_ring,
          grunt_temple_overflow_order_and_chaos_2,
          nicolae_overflow_crystal_walls, serial_shops, shop, uniq_ijyb,
          uniq_edmund, uniq_blork_the_orc
D:6:      layout_loops_ring, lemuel_round_altar, serial_shops,
          nicolae_shop_stone
D:7:      layout_basic, yredelemnul_altar_generic, minmay_temple_entry_arrows,
          ebering_ghost_inner_flame, the_bakery
D:8:      layout_basic, led_sif_pool, roderic_roman_lattice
D:9:      layout_cave_pods, grunt_temple_overflow_forces_of_nature,
          minmay_alternating_orb
D:10:     layout_roguey
D:11:     cheibrodos_orc_bank, layout_basic, minmay_lair_entry_grove,
          hiddenorc2_lemuel, st_stairs_5, uniq_erica, uniq_sonja, uniq_gastronok
D:12:     layout_roguey, grunt_ministairs_8, minmay_misc_feat_rugged
D:13:     layout_stronghold, david_vaults_2, maelrawn_ghost_gauntlet_escape
D:14:     layout_loops_ring, minmay_misc_feat_roman
D:15:     gammafunk_depths_entry_grave, layout_rooms,
          chequers_serial_rivers_marsh, nicolae_sextant
Temple:   minmay_temple_curvy_loop
Lair:1:   layout_long_grid, minmay_lair_oklob_chamber, grunt_megastairs_4,
          infiniplex_staircase_pool, uniq_maggie
Lair:2:   layout_loops_ring, gauntlet_entry_generic, basic_altar, minivault_24,
          uniq_fannar
Lair:3:   layout_cave_pods, minmay_shoals_entry_beasts,
          spider_nest_entry_funnel_web, enter_volcano_2,
          kennysheep_catoblepas_arena, grunt_megastairs_3, uniq_snorg
Lair:4:   layout_roguey, grunt_forest_large_clearings, serial_bayou_shore_b,
          grunt_megastairs_5
Lair:5:   layout_misc_corridors, slime_altar_1
Lair:6:   hangedman_lair_tendril_chambers, layout_regular_city,
          guppyfry_lair_end_dragon, basic_altar
Spider:1: layout_spider_delve, uniq_nikola, uniq_jorgrun, uniq_roxanne,
          uniq_louise
Orc:1:    layout_diamond_mine, basic_altar
Orc:2:    st_orc_open, layout_caves, minmay_orc_barracks, uniq_rupert

Skill      XL: |  1  2  3  4  5  6  7  8  9 10 11 12 13 14 15 16 |
---------------+-------------------------------------------------+-----
Conjurations   | 3 4 6 7 8 10 11 12 | 12.0
Fighting       | 2 3 4 5 6 7 9 10 11 12 | 12.5
Spellcasting   | 3 4 5 6 7 9 10 11 13 14 15 | 15.8
Air Magic      | 5 6 7 9 11 12 14 15 17 18 19 21 | 21.2
Ice Magic      | 3 5 6 |  6.8
Dodging        | |  2.1
Stealth        | |  2.0

Action                   |  1- 3 |  4- 6 |  7- 9 | 10-12 | 13-15 | 16-18 || total
-------------------------+-------+-------+-------+-------+-------+-------++-------
Melee: Unarmed           |     2 |       |       |       |       |       ||     2
       Kick              |     1 |       |       |     4 |     3 |       ||     8
       Dagger            |       |       |     3 |     2 |     6 |       ||    11
       Staff             |       |       |       |    11 |     1 |     2 ||    14
       Peck              |       |       |       |     2 |     3 |       ||     5
 Cast: Shock             |    63 |    63 |   236 |    42 |    11 |     3 ||   418
       Airstrike         |       |       |    95 |   338 |   512 |   229 ||  1174
       Lightning Bolt    |       |       |       |    31 |    57 |       ||    88
       Irradiate         |       |       |       |       |    17 |     3 ||    20
       Chain Lightning   |       |       |       |       |    25 |    22 ||    47
       Conjure Ball Ligh |       |       |       |       |       |    38 ||    38
 Abil: Fly               |       |     1 |       |     1 |       |       ||     2
       Stop Flying       |       |       |       |     1 |       |       ||     1
Evoke: Wand              |       |       |       |     1 |     2 |       ||     3
  Use: Potion            |     2 |       |       |       |       |     3 ||     5
       Scroll            |       |       |    14 |     3 |    13 |     6 ||    36
  Eat: Ration            |     1 |     1 |     4 |     6 |    11 |     5 ||    28
Armor: Robe              |    10 |     2 |    12 |     5 |       |       ||    29
       Leather armour    |       |       |       |    24 |    71 |    20 ||   115
Dodge: Dodged            |    13 |    10 |    34 |    49 |   142 |    39 ||   287

Table legend:
 A = Non-vault XP
 B = Vault XP
 C = Vault XP percentage of total XP
 D = Non-vault monster count
 E = Vault monster count
 F = Vault count percentage of total count
                 A         B        C        D         E       F
            +---------+---------+-------+---------+---------+-------
      Total |  112349 |   72801 |  39.3 |     626 |     305 |  32.8
            +---------+---------+-------+---------+---------+-------
        D:1 |      45 |       0 |   0.0 |      27 |       0 |   0.0
        D:2 |     115 |     313 |  73.1 |      15 |       5 |  25.0
        D:3 |      62 |     383 |  86.1 |      18 |      20 |  52.6
        D:4 |     371 |     183 |  33.0 |      26 |       1 |   3.7
        D:5 |    1002 |     537 |  34.9 |      37 |      11 |  22.9
        D:6 |     706 |       0 |   0.0 |      14 |       0 |   0.0
        D:7 |    1943 |     211 |   9.8 |      37 |       1 |   2.6
        D:8 |    1489 |       0 |   0.0 |      11 |       0 |   0.0
        D:9 |    1430 |    1868 |  56.6 |      25 |      11 |  30.6
       D:10 |    5992 |     206 |   3.3 |      48 |       1 |   2.0
       D:11 |    5723 |    8242 |  59.0 |      31 |      68 |  68.7
       D:12 |    4445 |     415 |   8.5 |      21 |       6 |  22.2
       D:13 |    9398 |    2738 |  22.6 |      37 |       3 |   7.5
       D:14 |   10753 |       0 |   0.0 |      34 |       0 |   0.0
       D:15 |   10603 |    5339 |  33.5 |      24 |       8 |  25.0
     Lair:1 |    4886 |    3856 |  44.1 |      22 |      11 |  33.3
     Lair:2 |    3405 |    1017 |  23.0 |      13 |       1 |   7.1
     Lair:3 |    6257 |    5601 |  47.2 |      22 |      16 |  42.1
     Lair:4 |    3177 |    3943 |  55.4 |      13 |      23 |  63.9
     Lair:5 |    4486 |     205 |   4.4 |      11 |       1 |   8.3
     Lair:6 |   20225 |   12847 |  38.8 |      51 |      45 |  46.9
   Spider:1 |   10602 |       0 |   0.0 |      33 |       0 |   0.0
      Orc:1 |    2333 |    1055 |  31.1 |      22 |       3 |  12.0
      Orc:2 |    2901 |   19462 |  87.0 |      34 |      52 |  60.5
    Volcano |       0 |    4380 | 100.0 |       0 |      18 | 100.0
            +---------+---------+-------+---------+---------+-------
